 Dungeon Crawl Stone Soup version 0.19-a0-1193-g2641e52 (webtiles) character file.

32 PurpleRed the Conjurer (level 3, 0/19 HPs)
             Began as a Deep Elf Conjurer on Aug 19, 2016.
             Killed from afar by an orc wizard (12 damage)
             ... with a magic dart
             ... on level 3 of the Dungeon.
             The game lasted 00:02:46 (408 turns).

PurpleRed the Conjurer (Deep Elf Conjurer)           Turns: 408, Time: 00:02:46

Health: 0/19       AC:  2    Str:  5    XL:     3   Next: 10%
Magic:  9/10       EV: 13    Int: 20    God:
Gold:   48         SH:  0    Dex: 15    Spells: 2 memorised, 6 levels left

rFire  . . .     SeeInvis .     i - +0 whip (drain)
rCold  . . .     Gourm    .     a - +0 robe
rNeg   . . .     Faith    .     (no shield)
rPois  .         Spirit   .     (no helmet)
rElec  .         Dismiss  .     (no cloak)
rCorr  .         Reflect  .     (no gloves)
MR     .....     Harm     .     (no boots)
Stlth  ++........               (no amulet)
                                (no ring)
                                (no ring)

@: no status effects
A: no striking features
a: no special abilities


You were on level 3 of the Dungeon.
You were not hungry.

You visited 1 branch of the dungeon, and saw 3 of its levels.

You collected 48 gold pieces.

Inventory:

Hand Weapons
 f - a +0 whip
 i - a +0 whip of draining (weapon)
Armour
 a - a +0 robe (worn)
Wands
 j - a wand of paralysis (14/24)
Scrolls
 d - a scroll of recharging {unknown}
 e - 2 scrolls of identify {unknown}
 k - a scroll of blinking {unknown}
Potions
 g - 2 potions of flight {unknown}
 h - a potion of berserk rage {unknown}
Books
 b - a book of Conjurations

   Spells                             Type                      Level
   a - Magic Dart                     Conjuration                  1
   b - Searing Ray                    Conjuration                  2
   c - Dazzling Spray                 Conjuration/Hexes            3
   d - Fulminant Prism                Conjuration/Hexes            4
   e - Iskenderun's Mystic Blast      Conjuration                  4
   f - Iskenderun's Battlesphere      Conjuration/Charms           5
Comestibles
 c - a bread ration
 l - 4 chunks of flesh


   Skills:
 - Level 2.4 Dodging
 - Level 2.4 Stealth
 + Level 3.7 Spellcasting
 * Level 5.2 Conjurations


You had 6 spell levels left.
You knew the following spells:

 Your Spells              Type           Power        Failure   Level  Hunger
a - Magic Dart            Conj           ###.         1%          1    None
b - Searing Ray           Conj           ###...       2%          2    ##.....


Dungeon Overview and Level Annotations

Branches:
Dungeon (3/15)

Altars:


Message History

You closely miss the hobgoblin.
The hobgoblin is almost dead.
The hobgoblin misses you.
You barely miss the hobgoblin.
The hobgoblin is almost dead.
The hobgoblin hits you with a club.
You hit the hobgoblin.
You kill the hobgoblin!
A hobgoblin comes into view.
An orc and an orc wizard come into view.
An orc comes into view. It is wielding a mace of holy wrath.
The orc shouts!
The orc wizard looks braver for a moment.
An orc wizard comes into view. It is wielding a dagger.
The orc wizard gestures wildly while chanting.
The orc wizard seems to speed up.
The orc wizard casts a spell at you. The magic dart hits you!
Ouch! That really hurt!
You die...

# .##.#####.##.##..
.oo......#...#.##.#
##..#..#.#..(#.##.#######
.....o?..............>...
#.oo....####.###.##.
.......#.#...# #.# #.#..
####.#.#.....# #.# #.#..
# ..#..)..# #.# #.#..
#..#@....# #.# #.#..
#..#.#+#....#.# #.#.#
##.#.# #.##.#.# #...#
#..<# #.# #.# #.... ...#
.# #.###.... ....#
#.#.+.... ...# #.#.#....
#...# #.#...... #.#......


You could see an orc wizard and an orc.

Vanquished Creatures
  2 adders
  An ooze (D:3)
  An orc (D:3)
  2 giant cockroaches
  A goblin (D:1)
  A hobgoblin (D:3)
  3 rats
11 creatures vanquished.

Notes
Turn   | Place    | Note
-------+----------+-------------------------------------------
     0 | D:1      | PurpleRed the Deep Elf Conjurer began the quest for the Orb.
     0 | D:1      | Reached XP level 1. HP: 10/10 MP: 6/6
   145 | D:2      | Reached XP level 2. HP: 12/15 MP: 0/8
   150 | D:2      | Learned a level 2 spell: Searing Ray
   272 | D:3      | Reached skill level 5 in Conjurations
   331 | D:3      | Reached XP level 3. HP: 19/19 MP: 10/10
   408 | D:3      | Killed from afar by an orc wizard

Vault maps used:
D:1:      lightli_arrival_farm
D:3:      xom_teletrap_fun, uniq_robin

Skill      XL: |  1  2 |
---------------+-------+-----
Conjurations   | 5 |  5.2
Dodging        | |  2.4
Stealth        | |  2.4
Spellcasting   | |  3.7

Action                   || total
-------------------------++-------
Melee: Whip              ||    18
 Cast: Magic Dart        ||     9
       Searing Ray       ||     2
 Stab: Sleeping          ||     3
Armor: Robe              ||     6
Dodge: Dodged            ||    12
